 Dungeon Crawl Stone Soup version 0.27.1 (webtiles) character file.

Game seed: 9491533102477847256

2695 bnorton916 the Magician (level 9, -5/45 HPs)
             Began as a Deep Elf Conjurer on Aug 27, 2021.
             Was a Believer of Cheibriados.
             Shot with a sling bullet by Joseph (21 damage)
             ... on level 7 of the Dungeon.
             The game lasted 00:09:26 (6823 turns).

bnorton916 the Magician (Deep Elf Conjurer)         Turns: 6823, Time: 00:09:26

Health: -5/45      AC:  5    Str: 10    XL:     9   Next: 38%
Magic:  5/22       EV: 13    Int: 33    God:    Cheibriados [**....]
Gold:   266        SH:  0    Dex: 19    Spells: 7/23 levels left

rFire    . . .     SeeInvis .   (no weapon)
rCold    . . .     Faith    .   (no shield)
rNeg     . . .     Spirit   .   g - +2 robe {Will+}
rPois    .         Reflect  .   s - +0 helmet
rElec    .         Harm     .   (no cloak)
rCorr    .         Rampage  .   (no gloves)
Will     +....                  (no boots)
Stlth    ++........             (no amulet)
HPRegen  0.15/turn              (no ring)
MPRegen  0.18/turn              (no ring)

@: about to teleport, marked, very slow
A: no striking features
a: Renounce Religion, Bend Time


You were on level 7 of the Dungeon.
You worshipped Cheibriados.
Cheibriados was pleased with you.
You visited 1 branch of the dungeon, and saw 7 of its levels.

You collected 266 gold pieces.

Inventory:

Hand Weapons
 h - a +0 short sword of holy wrath
 l - a +1 short sword of protection
Missiles
 r - 114 stones
Armour
 g - a +2 robe of willpower (worn)
 i - a +2 robe of fire resistance
 s - a +0 helmet (worn)
 t - a +0 buckler
Magical Staves
 p - a staff of poison
Wands
 v - a wand of paralysis (10)
 x - a wand of charming (7)
 y - a wand of acid (12)
 B - a wand of mindburst (4)
Scrolls
 b - 5 scrolls of identify
 c - a scroll of magic mapping {unknown}
 d - 2 scrolls of amnesia {unknown}
 f - 2 scrolls of fear {unknown}
 j - a scroll of fog {unknown}
 k - 5 scrolls of teleportation
 m - a scroll of immolation {unknown}
 q - a scroll of enchant weapon {unknown}
 w - a scroll of enchant armour {unknown}
 z - a scroll of vulnerability {unknown}
Potions
 a - a potion of degeneration {unknown}
 e - a potion of lignification {unknown}
 n - 4 potions of curing
 o - a potion of cancellation {unknown}
 u - a potion of brilliance
 A - a potion of attraction {unknown}


   Skills:
 - Level 2.4 Dodging
 - Level 2.4 Stealth
 + Level 3.4 Shields
 - Level 7.5 Spellcasting
 - Level 7.3 Conjurations
 + Level 7.2 Hexes
 + Level 4.4 Necromancy
 + Level 6.0 Translocations
 + Level 3.4 Invocations


You had 7 spell levels left.
You knew the following spells:

 Your Spells              Type           Power      Damage    Failure   Level
a - Magic Dart            Conj           100%       1d8       1%          1
b - Searing Ray           Conj           100%       3d7       1%          2
c - Fulminant Prism       Conj/Hex       28%        3d14      1%          4
d - Iskenderun's Mystic   Conj/Tloc      54%        2d12      2%          4
e - Borgnjor's Vile Clut  Necr/Erth      13%        N/A       38%         5

Your spell library contained the following spells:

 Spells                   Type           Power      Damage    Failure   Level
 Corona                   Hex            62%        N/A       1%          1
 Dazzling Flash           Conj/Hex       100%       N/A       1%          3
 Gell's Gravitas          Tloc           25%        N/A       1%          3
 Lesser Beckoning         Tloc           25%        N/A       1%          3
 Portal Projectile        Hex/Tloc       100%       N/A       1%          3
 Teleport Other           Tloc           51%        N/A       1%          3
 Summon Guardian Golem    Hex/Summ       36%        N/A       2%          3
 Animate Dead             Necr           20%        N/A       6%          4
 Leda's Liquefaction      Hex/Erth       18%        N/A       9%          4
 Call Canine Familiar     Summ           12%        N/A       11%         3
 Summon Forest            Summ/Tloc      16%        N/A       30%         5
 Animate Armour           Summ/Erth      24%        N/A       36%         4
 Summon Ice Beast         Ice/Summ       12%        N/A       36%         4
 Death Channel            Necr           20%        N/A       67%         6
 Blade Hands              Tmut           6%         N/A       71%         5
 Iron Shot                Conj/Erth      18%        9d4       77%         6
 Spellforged Servitor     Conj/Summ      18%        N/A       100%        7


Dungeon Overview and Level Annotations

Branches:
Dungeon (7/15)             Temple (0/1) D:4

Altars:
Ashenzari
Cheibriados
Elyvilon
Fedhas
Okawaru
Uskayaw

Annotations:
D:7 Joseph


Message History

Pikel is nearby!
Pikel is nearby!
Casting: Searing Ray (safe; 1% risk of failure)
Confirm with . or Enter, or press ? or * to list all spells.
Aiming: Searing Ray (safe; 1% risk of failure)
Press: ? - help, Shift-Dir - straight line, f - Pikel
Aim: Pikel, wielding a +1 whip of freezing, wearing a +0 robe and carrying a wand of mindburst (4) (79% to hit)
The searing ray hits Pikel!
Pikel is moderately wounded. (Press . to maintain the ray.)
The searing ray hits Pikel!
Pikel is severely wounded.
Pikel barely misses you.
The searing ray hits Pikel!
Pikel is almost dead.
Pikel barely misses you.
The searing ray hits Pikel!
You kill Pikel!
Cheibriados appreciates the change of pace.
You finish channeling your searing ray.
With Pikel's spell broken, his former minion thanks you for its freedom.
The lemure departs this earthly plane.
Your Hexes skill increases to level 7!
Your Necromancy skill increases to level 4!
Your Translocations skill increases to level 6!
Your Invocations skill increases to level 3!
B - a wand of mindburst (4);
n - 5 potions of curing (gained 1)
Things that are here:
a +1 whip of freezing; a +0 robe; the kobold corpse of Pikel Joseph shoots a sling bullet.
The sling bullet hits you!
Joseph shoots a sling bullet.
The sling bullet hits you!!
There is a stone staircase leading down, spattered with blood here.
Things that are here:
a +0 dire flail; a +2 chain mail of poison resistance; the human corpse of Harold Joseph shoots a sling bullet.
The sling bullet hits you!
* * * LOW HITPOINT WARNING * * *
As you read the scroll of teleportation, it crumbles to dust.
You feel strangely unstable.
You feel better.
Joseph shoots a sling bullet.
The sling bullet hits you!!
You die...

#>##.# #..........
#.##.###.#.###.###
#(#............# #
#.#.######.#####
#.#.## #.#######
#....#####........
##...@(.@...######.
#..#.##.###.# #.
#.@[....# #.# #.
#.)#.#..# #.# #.
######..###.###.#
#. #.....>##
##....# #.
#.####).###...#.#
#. #.# #.#.#.##.#.#
#. #.# #.##.......#
#. #.# #.######.#.#
#. #.# #.######.#.#
#.


You could see Joseph.

Vanquished Creatures
  Harold (D:7)
  Pikel (D:7)
  Sigmund (D:3)
  Menkaure (D:7)
  An orc warrior (D:7)
  A sky beast (D:6)
  An ice beast (D:6)
  3 lemures (D:7)
  A bullfrog (D:7)
  3 scorpions
  A howler monkey (D:5)
  3 hounds
  2 bullfrog zombies
  A jelly (D:5)
  2 orc priests
  2 bullfrog skeletons
  A gnoll shaman (D:7)
  Jessica (D:2)
  A centaur skeleton (D:5)
  2 orc wizards (D:4)
  Natasha (thrice) (D:3)
  5 gnolls (D:7)
  A howler monkey skeleton (D:6)
  8 adders
  A shadow imp (D:7)
  An adder skeleton (D:4)
  2 worms
  2 dart slugs
  13 orcs
  8 ball pythons
  5 endoplasms
  3 giant cockroaches
  2 goblins (D:1)
  6 hobgoblins
  2 quokkas
  4 bats
  2 frilled lizards (D:1)
  5 kobolds
  2 rats (D:1)
105 creatures vanquished.

Vanquished Creatures (others)
  8 fulminant prisms (D:7)
8 creatures vanquished.

Grand Total: 113 creatures vanquished

Notes
Turn   | Place    | Note
-------+----------+-------------------------------------------
     0 | D:1      | bnorton916 the Deep Elf Conjurer began the quest for the
                  | Orb.
     0 | D:1      | Reached XP level 1. HP: 10/10 MP: 6/6
   179 | D:1      | Found a faded altar of an unknown god.
   546 | D:1      | Reached XP level 2. HP: 15/15 MP: 4/8
  1024 | D:2      | Learned a level 2 spell: Searing Ray
  1043 | D:2      | Reached skill level 5 in Conjurations
  1043 | D:2      | Reached XP level 3. HP: 14/19 MP: 0/10
  1207 | D:2      | Noticed Jessica
  1217 | D:2      | Killed Jessica
  1408 | D:2      | Reached XP level 4. HP: 24/24 MP: 8/12
  1466 | D:2      | Found a snail-covered altar of Cheibriados.
  1479 | D:2      | Became a worshipper of Cheibriados the Contemplative
  1967 | D:3      | Noticed Sigmund
  1976 | D:3      | Killed Sigmund
  1977 | D:3      | Reached XP level 5. HP: 12/28 MP: 2/15
  2388 | D:3      | Noticed Natasha
  2391 | D:3      | Killed Natasha
  2392 | D:3      | Reached XP level 6. HP: 31/32 MP: 12/17
  2410 | D:3      | Noticed Natasha
  2415 | D:3      | Killed Natasha
  2548 | D:3      | Noticed Natasha
  2551 | D:3      | Reached * piety under Cheibriados
  2553 | D:3      | Killed Natasha
  3301 | D:4      | Reached XP level 7. HP: 36/36 MP: 11/20
  3310 | D:4      | Learned a level 4 spell: Fulminant Prism
  3315 | D:4      | Learned a level 4 spell: Iskenderun's Mystic Blast
  3783 | D:4      | Reached skill level 1 in Hexes
  3783 | D:4      | Reached skill level 1 in Translocations
  3880 | D:4      | Found a staircase to the Ecumenical Temple.
  4059 | D:5      | Entered Level 5 of the Dungeon
  4078 | D:5      | Reached ** piety under Cheibriados
  4630 | D:5      | Found a broken altar of Ashenzari.
  4637 | D:5      | Found a hide-covered altar of Uskayaw.
  4638 | D:5      | Found a white marble altar of Elyvilon.
  4639 | D:5      | Found a blossoming altar of Fedhas.
  5065 | D:6      | Reached skill level 1 in Shields
  5065 | D:6      | Reached XP level 8. HP: 28/41 MP: 13/21
  5232 | D:6      | Reached skill level 5 in Hexes
  5520 | D:6      | Learned a level 5 spell: Borgnjor's Vile Clutch
  5531 | D:7      | Found an iron altar of Okawaru.
  5533 | D:7      | Got the Compendium of Supportive Hexes
  5793 | D:7      | Reached skill level 1 in Necromancy
  5885 | D:7      | Noticed Joseph
  5894 | D:7      | Noticed Pikel
  6696 | D:7      | Noticed Menkaure
  6699 | D:7      | Killed Menkaure
  6700 | D:7      | Reached skill level 1 in Invocations
  6788 | D:7      | Noticed Harold
  6801 | D:7      | Killed Harold
  6802 | D:7      | Reached skill level 5 in Translocations
  6802 | D:7      | Reached XP level 9. HP: 45/45 MP: 6/22
  6815 | D:7      | Killed Pikel
  6823 | D:7      | Shot with a sling bullet by Joseph

Illustrated notes

Levels and vault maps discovered:
D:1:      minmay_arrival_up_and_down, layout_loops_corners,
          dreamdust_ecumenical_altar_grove, serial_bayou_pond_e
D:2:      layout_basic, basic_altar, uniq_jessica
D:3:      layout_basic, uniq_natasha, uniq_sigmund
D:4:      layout_loops_cross, minmay_temple_entry_overgrown, st_stairs_2
D:5:      layout_cave_pools, minitemple
D:6:      layout_basic
D:7:      layout_loops_ring, chei_slow_surprise, okawaru_ov_weapons_minmay,
          lemuel_flame_loot_1, uniq_menkaure, uniq_harold, uniq_pikel,
          uniq_joseph

Skill      XL: |  1  2  3  4  5  6  7  8  9 |
---------------+----------------------------+-----
Spellcasting   | 4 6 7 |  7.5
Conjurations   | 5 6 7 |  7.3
Hexes          | 4 6 7 |  7.2
Translocations | 4 5 6 |  6.0
Shields        | 1 3 |  3.4
Necromancy     | 3 4 |  4.4
Invocations    | 2 3 |  3.4
Dodging        | |  2.4
Stealth        | |  2.4

Action                   |  1- 3 |  4- 6 |  7- 9 || total
-------------------------+-------+-------+-------++-------
 Cast: Magic Dart        |    53 |    70 |   103 ||   226
       Searing Ray       |       |     9 |    17 ||    26
       Fulminant Prism   |       |       |     8 ||     8
       Iskenderun's Myst |       |       |     2 ||     2
Evoke: Wand              |       |       |     1 ||     1
  Use: Scroll            |       |       |     3 ||     3
       Potion            |       |       |     1 ||     1
Armor: Robe              |       |       |     7 ||     7
Dodge: Dodged            |     1 |     2 |    24 ||    27
